 Dungeon Crawl Stone Soup version 0.31-a0-263-ge8cad7f256 (webtiles) character file.

Game seed: 1993114819910047277

25465 qw the Marksminotaur (level 12, 0/113 HPs)
             Began as a Minotaur Hexslinger on July 13, 2023.
             Was a High Priest of Okawaru.
             Slain by a sea snake (3 damage)
             ... on level 4 of the Lair of Beasts.
             The game lasted 00:05:10 (9857 turns).

qw the Marksminotaur (Minotaur Hexslinger)          Turns: 9857, Time: 00:05:11

Health: 0/113      AC: 18    Str: 22    XL:     12   Next: 89%
Magic:  11/16      EV: 22    Int: 10    God:    Okawaru [*****.]
Gold:   928        SH:  0    Dex: 19    Spells: 12/13 levels left

rFire   . . .        Y - +0 orcbow (elec)
rCold   + . .        (shield currently unavailable)
rNeg    . . .        a - +0 troll leather armour
rPois   .            k - +2 hat {Will+}
rElec   .            c - +2 cloak
rCorr   .            d - +2 pair of gloves
SInv    .            p - +2 pair of boots of Wum Riuph {Str+2}
Will    +....        (no amulet)
Stlth   ++++         q - +6 ring of strength
HPRegen 1.18/turn    e - ring of protection from cold
MPRegen 0.15/turn

%: no passive effects
@: lethally poisoned (0 -> -41), about to teleport, heroic, finesse-ful
A: horns 2, retaliatory headbutt, thin skeletal structure 1, wild magic 1
a: Renounce Religion, Heroism, Finesse, Duel


You were on level 4 of the Lair of Beasts.
You worshipped Okawaru.
Okawaru was extremely pleased with you.
You visited 3 branches of the dungeon, and saw 15 of its levels.

You collected 928 gold pieces.


Innate Abilities, Weirdness & Mutations

You have a pair of horns on your head.
You reflexively headbutt those who attack you in melee.
You have a somewhat thin skeletal structure. (Dex +2, Stealth+)
Your spells are a little harder to cast, but a little more powerful.


   Skills:
 + Level 12.5(17.5) Fighting
 - Level 16.0(21.0) Ranged Weapons
 - Level 6.0(11.0) Armour
 - Level 10.0(15.0) Dodging
 - Level 1.0 Spellcasting
 - Level 2.0 Hexes
 + Level 7.8 Invocations


You had 12 spell levels left.
You knew the following spells:

 Your Spells              Type           Power      Damage    Failure   Level
a - Slow                  Hex            20%        N/A       24%         1

Your spell library contained the following spells:

 Spells                   Type           Power      Damage    Failure   Level
 Inner Flame              Hex/Fire       3%         N/A       67%         3
 Portal Projectile        Hex/Tloc       6%         N/A       67%         3
 Cause Fear               Hex            2%         N/A       90%         4

Inventory:

Hand Weapons
 Y - a +0 orcbow of electrocution (weapon)
Armour
 a - a +0 troll leather armour (worn)
 c - a +2 cloak (worn)
 d - a +2 pair of gloves (worn)
 f - a +0 robe of resistance
 k - a +2 hat of willpower (worn)
 o - the +0 robe of Truth {+Inv rF++}
   (You found it on level 1 of the Lair of Beasts)

   rF:        It greatly protects you from fire.
   +Inv:      It lets you turn invisible.
 p - the +2 pair of boots of Wum Riuph (worn) {Str+2}
   (You found it on level 3 of the Dungeon)

   Str:       It affects your strength (+2).
Jewellery
 e - a ring of protection from cold (right hand)
 h - a ring of fire
 q - a +6 ring of strength (left hand)
Scrolls
 j - 2 scrolls of identify
 n - 5 scrolls of teleportation
Potions
 b - 3 potions of mutation
 g - 3 potions of might
 i - a potion of haste
 s - 2 potions of cancellation
 t - 4 potions of curing

Dungeon Overview and Level Annotations

Branches:
Dungeon (9/15)             Temple (1/1) D:6            Lair (5/5) D:9
 Shoals (0/4) Lair:2       Spider (0/4) Lair:2
  Slime: Lair:4-5       Orc: D:9-12

Altars:
Ashenzari
Cheibriados
Dithmenos
Fedhas
Gozag
Hepliaklqana
Kikubaaqudgha
Makhleb
Nemelex Xobeh
Okawaru
Qazlal
Ru
Sif Muna
Trog
Uskayaw
Vehumet
Wu Jian
Xom
Yredelemnul
Zin
The Shining One

Annotations:
D:9 3 runed translucent doors, qw's ghost, journeyman DEHu; qw's ghost, journeyman GrHs; qw's ghost, novice MiHs


Message History

Enter note:
Enter note:
Enter note:
Enter note:
Enter note:
Enter note:
Enter note:
Enter note:
Enter note:
Enter note:
Enter note: You shoot an arrow.
The arrow hits the skyshark!
Lightning courses through the skyshark!
The skyshark is severely wounded.
You feel sick. The water moccasin barely misses you.
You shoot an arrow. The arrow hits the skyshark!
Lightning courses through the skyshark!
You kill the skyshark!
Okawaru accepts your kill.
You feel sick.
You shoot an arrow.
The arrow closely misses the water moccasin.
The water moccasin barely misses you. The sea snake misses you.
You furiously retaliate!
You headbutt the sea snake. You shoot an arrow. The arrow hits the sea snake!
The sea snake is moderately wounded.
You feel sick.
You shoot an arrow. The arrow closely misses the sea snake.
The ice encasing you melts away.
You feel sick.
The water moccasin completely misses you.
The sea snake bites you!
You are lethally poisoned!
The sea snake poisons you!
9857 ||| READING 6 scrolls of teleportation.
As you read the scroll of teleportation, it crumbles to dust.
You feel strangely unstable.
You feel extremely sick. The water moccasin misses you.
The sea snake bites you.
You die...

....#.....#...........P##........
..........#.#..........##........
.........###..........###........
..........##..........P......<.).
77777.77..#P...........P.........
#77777....................#..
7...................##... ####
77#####.%....#......#.... ###..#
#..@...##...###..#.. #!...#
##SS..###....##.##.. ##...##
#....# #........... #(..~#
##....########..#... #)..~# 77#
#......#.}.##..#..}. ##..##
77P####.)..#............. #..##
7..........#}.<..+......> ##..#
#................#.......
#..###7............}.##...#.}.


You could see a sea snake and a water moccasin.

Vanquished Creatures
  2 hydras
  Erica (D:9)
  2 two-headed ogres (D:9)
  A boulder beetle (D:8)
  A skyshark (Lair:4)
  A deep elf zephyrmancer (D:9)
  A deep elf pyromancer (D:9)
  A merfolk siren (Lair:2)
  7 cane toads
  A rime drake (Lair:2)
  3 komodo dragons (Lair:2)
  2 polar bears (Lair:4)
  A troll (D:9)
  2 hornets
  Prince Ribbit (D:6)
  6 blink frogs
  A jumping spider (Lair:2)
  2 wyverns
  An unseen horror simulacrum (D:8)
  A basilisk (Lair:1)
  9 yaks
  4 steam dragons
  Grum (D:8)
  A redback (Lair:2)
  Edmund (D:6)
  2 orc warriors
  10 water moccasins
  A swamp drake (D:9)
  6 black bears
  17 wolves
  4 centaurs
  2 phantoms
  7 kobold brigands
  Blork the orc (D:6)
  17 bullfrogs
  A scorpion (D:4)
  9 wights (D:8)
  4 electric eels
  2 howler monkeys
  A crimson imp (D:9)
  3 orc priests
  9 hounds
  An iron imp (D:9)
  2 jellies
  An iguana (D:5)
  A gnoll bouda (D:8)
  12 orc wizards
  6 hell rats (Lair:3)
  6 adders
  3 gnolls (D:8)
  A shadow imp (D:9)
  2 white imps
  3 ufetubi
  2 dart slugs
  35 orcs
  11 ball pythons
  3 bats
  5 endoplasms
  10 goblins
  4 hobgoblins
  8 jackals
  4 quokkas
  4 frilled lizards (D:1)
  36 kobolds
  5 rats
315 creatures vanquished.

Notes
Turn   | Place    | Note
-------+----------+-------------------------------------------
     0 | D:1      | qw the Minotaur Hexslinger began the quest for the Orb.
     0 | D:1      | Reached XP level 1. HP: 16/16 MP: 1/1
     0 | D:1      | 0 ||| qw: Version: 0.3-a-52-g30416fa
     0 | D:1      | 0 ||| qw: Game counter: 7315
     0 | D:1      | 0 ||| qw: Melee chars always use a shield: true
     0 | D:1      | 0 ||| qw: God list: Okawaru
     0 | D:1      | 0 ||| qw: Allow faded altars: false
     0 | D:1      | 0 ||| qw: Do Orc after clearing Dungeon:15 true
     0 | D:1      | 0 ||| qw: Do second Lair branch before Depths: true
     0 | D:1      | 0 ||| qw: Lair rune preference: random
     0 | D:1      | 0 ||| qw: Goals: Normal
     0 | D:1      | 0 ||| PLANNING D:1-11
    72 | D:1      | Reached skill level 3 in Ranged Weapons
    72 | D:1      | Reached XP level 2. HP: 20/23 MP: 2/2
   493 | D:1      | Reached XP level 3. HP: 26/29 MP: 3/3
   688 | D:1      | 688 ||| UPGRADING to +0 pair of gloves.
   693 | D:1      | 693 ||| UPGRADING to +0 leather armour.
   703 | D:1      | 703 ||| DROPPING +0 robe.
   704 | D:1      | 704 ||| UPGRADING to +0 ring mail.
   714 | D:1      | 714 ||| DROPPING +0 leather armour.
   715 | D:1      | 715 ||| READING 2 scrolls labelled ICZESI DOLLO.
   716 | D:1      | 716 ||| READING scroll of enchant armour.
   716 | D:1      | 716 ||| ENCHANTING +0 pair of gloves.
   717 | D:1      | 717 ||| READING scroll labelled PIAPRE POCEODOIX.
   721 | D:1      | 721 ||| READING scroll labelled ZEOWYTWORI.
   722 | D:1      | 722 ||| DROPPING scroll of poison.
   961 | D:2      | Reached skill level 4 in Ranged Weapons
   963 | D:2      | Found a faded altar of an unknown god.
   973 | D:2      | Identified the +0 robe of the Ancient Lovers {SInv Stlth+}
  1198 | D:2      | 1198 ||| UPGRADING to +0 troll leather armour.
  1208 | D:2      | 1208 ||| DROPPING +0 robe of the Ancient Lovers {SInv
                  | Stlth+}.
  1209 | D:2      | 1209 ||| DROPPING +0 ring mail.
  1210 | D:2      | 1210 ||| DROPPING ring of wizardry.
  1211 | D:2      | 1211 ||| DROPPING ring of magical power.
  1282 | D:3      | HP: 7/29 [orc/+0 club (3)]
  1288 | D:3      | HP: 6/29 [orc/+0 club (2)]
  1470 | D:3      | Reached XP level 4. HP: 36/36 MP: 4/4
  1693 | D:3      | Reached skill level 5 in Ranged Weapons
  1754 | D:3      | Identified the +2 pair of boots of Wum Riuph {Str+2}
  1913 | D:3      | 1913 ||| UPGRADING to +2 pair of boots of Wum Riuph
                  | {Str+2}.
  1918 | D:3      | 1918 ||| READING 2 scrolls labelled FOBREYNANI.
  1919 | D:3      | 1919 ||| READING scroll labelled GEUMUN QADUEPS.
  1920 | D:3      | 1920 ||| READING scroll labelled CADGHE KETA.
  1921 | D:3      | 1921 ||| DRINKING 2 fuming green potions.
  1921 | D:3      | Gained mutation: Your spells are a little harder to cast,
                  | but a little more powerful. [potion of mutation]
  1921 | D:3      | Gained mutation: You have a somewhat thin skeletal
                  | structure. (Dex +2, Stealth+) [potion of mutation]
  1922 | D:3      | 1922 ||| DROPPING scroll of blinking.
  1968 | D:4      | Reached XP level 5. HP: 42/42 MP: 5/5
  1982 | D:4      | Reached skill level 3 in Fighting
  2199 | D:4      | Reached XP level 6. HP: 51/51 MP: 6/6
  2251 | D:4      | Found an ornate altar of the Wu Jian Council.
  2314 | D:4      | Reached skill level 6 in Ranged Weapons
  2367 | D:4      | 2367 ||| READING scroll of enchant armour.
  2367 | D:4      | 2367 ||| ENCHANTING +1 pair of gloves.
  2459 | D:4      | 2459 ||| UPGRADING to +6 ring of strength.
  2460 | D:4      | 2460 ||| READING scroll labelled DUAZEI GAYTS.
  2461 | D:4      | 2461 ||| READING scroll labelled ROJIADD TUIZE.
  2461 | D:4      | Identified a scroll of acquirement
  2461 | D:4      | 2461 ||| ACQUIRING +3 shortbow of draining
  2461 | D:4      | Acquired a +3 shortbow of draining
  2463 | D:4      | 2463 ||| SWAPPING to +3 shortbow of draining.
  2464 | D:4      | 2464 ||| DROPPING +2 sling.
  2465 | D:4      | 2465 ||| READING scroll labelled JUENIE TATIXIGU.
  2466 | D:4      | 2466 ||| DRINKING 3 fizzy black potions.
  2467 | D:4      | 2467 ||| DRINKING 2 brown potions.
  2493 | D:5      | Entered Level 5 of the Dungeon
  2626 | D:5      | Found a shimmering altar of Xom.
  2760 | D:5      | Found a stormy altar of Qazlal.
  2824 | D:5      | Identified the +6 scale mail "Ukloblonk" {rF+ rCorr Str+2}
  2897 | D:5      | 2897 ||| READING scroll labelled MOGRYREURI.
  2898 | D:5      | 2898 ||| READING scroll labelled MUQUXE DOWK.
  2899 | D:5      | 2899 ||| DRINKING 2 puce potions.
  2900 | D:5      | 2900 ||| DROPPING potion of magic.
  2923 | D:6      | Reached skill level 7 in Ranged Weapons
  2923 | D:6      | Reached XP level 7. HP: 50/60 MP: 7/7
  3027 | D:6      | 3027 ||| Stepping ~*~*~tactically~*~*~ (outnumbered).
  3030 | D:6      | Reached skill level 3 in Dodging
  3042 | D:6      | Reached skill level 8 in Ranged Weapons
  3063 | D:6      | Found a staircase to the Ecumenical Temple.
  3064 | D:6      | 3064 ||| PLANNING TEMPLE
  3064 | D:6      | 3064 ||| DRINKING 2 smoky black potions.
  3065 | D:6      | 3065 ||| DRINKING 2 potions of curing.
  3065 | D:6      | 3065 ||| (to cure confusion)
  3066 | D:6      | 3066 ||| DROPPING potion of ambrosia.
  3096 | Temple   | Entered the Ecumenical Temple
  3112 | Temple   | 3112 ||| PLANNING OKAWARU WORSHIP
  3143 | Temple   | Became a worshipper of Warmaster Okawaru
  3144 | Temple   | 3144 ||| PLANNING D:1-11
  3246 | D:6      | Noticed Blork the orc
  3258 | D:6      | Killed Blork the orc
  3259 | D:6      | Reached XP level 8. HP: 68/68 MP: 8/8
  3274 | D:6      | Noticed Prince Ribbit
  3280 | D:6      | Killed Prince Ribbit
  3281 | D:6      | Reached skill level 9 in Ranged Weapons
  3515 | D:6      | Noticed Edmund
  3525 | D:6      | Killed Edmund
  3526 | D:6      | Reached skill level 6 in Fighting
  3882 | D:6      | Reached * piety under Okawaru
  4140 | D:7      | Reached skill level 1 in Invocations
  4218 | D:7      | 4218 ||| FLEEEEING.
  4219 | D:7      | 4219 ||| FLEEEEING.
  4220 | D:7      | 4220 ||| FLEEEEING.
  4221 | D:7      | 4221 ||| FLEEEEING.
  4222 | D:7      | 4222 ||| FLEEEEING.
  4223 | D:7      | 4223 ||| FLEEEEING.
  4224 | D:7      | 4224 ||| FLEEEEING.
  4225 | D:7      | 4225 ||| STAIRDANCE
  4227 | D:6      | 4227 ||| DRINKING 2 silvery potions.
  4228 | D:6      | 4228 ||| DROPPING potion of attraction.
  4233 | D:7      | 4233 ||| STAIRDANCE
  4268 | D:7      | Reached skill level 10 in Ranged Weapons
  4268 | D:7      | Reached skill level 3 in Invocations
  4360 | D:7      | Reached XP level 9. HP: 78/78 MP: 10/10
  4492 | D:7      | 4492 ||| INVOKING Heroism.
  4587 | D:7      | 4587 ||| INVOKING Heroism.
  4600 | D:7      | 4600 ||| FLEEEEING.
  4601 | D:7      | 4601 ||| FLEEEEING.
  4602 | D:7      | 4602 ||| FLEEEEING.
  4603 | D:7      | 4603 ||| FLEEEEING.
  4605 | D:7      | 4605 ||| FLEEEEING.
  4638 | D:7      | 4638 ||| INVOKING Heroism.
  4687 | D:7      | 4687 ||| DRINKING 2 viscous sapphire potions.
  4688 | D:7      | 4688 ||| READING 3 scrolls of identify.
  4688 | D:7      | 4688 ||| IDENTIFYING blue potion
  4689 | D:7      | 4689 ||| READING 2 scrolls of identify.
  4689 | D:7      | 4689 ||| IDENTIFYING black potion
  4690 | D:7      | 4690 ||| DROPPING potion of brilliance.
  4729 | D:8      | Noticed Grum
  4730 | D:8      | 4730 ||| INVOKING Heroism.
  4742 | D:8      | Killed Grum
  4762 | D:8      | 4762 ||| INVOKING Heroism.
  4763 | D:8      | 4763 ||| Stepping ~*~*~tactically~*~*~ (cloud).
  4765 | D:8      | 4765 ||| Stepping ~*~*~tactically~*~*~ (cloud).
  4773 | D:8      | Reached skill level 11 in Ranged Weapons
  4824 | D:8      | 4824 ||| INVOKING Heroism.
  4849 | D:8      | Found a shimmering blue altar of Sif Muna.
  4850 | D:8      | 4850 ||| Stepping ~*~*~tactically~*~*~ (outnumbered).
  4865 | D:8      | Reached ** piety under Okawaru
  4961 | D:8      | Reached skill level 12 in Ranged Weapons
  4969 | D:8      | Reached skill level 3 in Armour
  4987 | D:8      | 4987 ||| INVOKING Heroism.
  5012 | D:8      | 5012 ||| SWAPPING to +0 orcbow of electrocution.
  5013 | D:8      | 5013 ||| DROPPING +3 shortbow of draining.
  5032 | D:8      | 5032 ||| INVOKING Heroism.
  5138 | D:8      | 5138 ||| INVOKING Heroism.
  5166 | D:8      | 5166 ||| INVOKING Heroism.
  5174 | D:8      | Reached XP level 10. HP: 79/88 MP: 9/12
  5175 | D:8      | 5175 ||| Stepping ~*~*~tactically~*~*~ (cloud).
  5198 | D:8      | Noticed a boulder beetle
  5199 | D:8      | 5199 ||| INVOKING Heroism.
  5218 | D:8      | Killed a boulder beetle
  5219 | D:8      | Reached skill level 6 in Dodging
  5235 | D:8      | 5235 ||| INVOKING Heroism.
  5446 | D:8      | 5446 ||| DROPPING +1 pair of gloves.
  5447 | D:8      | 5447 ||| READING 2 scrolls of identify.
  5447 | D:8      | 5447 ||| IDENTIFYING smoky emerald potion
  5448 | D:8      | 5448 ||| DRINKING potion of experience.
  5448 | D:8      | Reached skill level 15 in Ranged Weapons
  5448 | D:8      | Reached XP level 11. HP: 94/94 MP: 13/13
  5495 | D:9      | Noticed a two-headed ogre
  5496 | D:9      | 5496 ||| INVOKING Heroism.
  5505 | D:9      | Killed a two-headed ogre
  5528 | D:9      | 5528 ||| INVOKING Heroism.
  5557 | D:9      | Found a runed translucent gate.
  5557 | D:9      | Found a runed translucent gate.
  5557 | D:9      | Found a runed translucent gate.
  5562 | D:9      | Noticed qw's ghost (novice MiHs)
  5562 | D:9      | Noticed qw's ghost (journeyman GrHs)
  5564 | D:9      | Noticed qw's ghost (journeyman GrHs)
  5564 | D:9      | Noticed qw's ghost (journeyman DEHu)
  5586 | D:9      | Noticed a two-headed ogre
  5587 | D:9      | 5587 ||| INVOKING Heroism.
  5590 | D:9      | Killed a two-headed ogre
  5591 | D:9      | Reached skill level 9 in Fighting
  5624 | D:9      | Found a bloodstained altar of Trog.
  5625 | D:9      | Found a basalt altar of Yredelemnul.
  5625 | D:9      | Found a burning altar of Makhleb.
  5626 | D:9      | Found a broken altar of Ashenzari.
  5644 | D:9      | 5644 ||| INVOKING Heroism.
  5656 | D:9      | Reached *** piety under Okawaru
  5665 | D:9      | 5665 ||| INVOKING Heroism.
  5683 | D:9      | Found a staircase to the Lair.
  5772 | D:9      | 5772 ||| DRINKING 2 potions of curing.
  5772 | D:9      | 5772 ||| (to cure confusion)
  5773 | D:9      | 5773 ||| Stepping ~*~*~tactically~*~*~ (outnumbered).
  5774 | D:9      | 5774 ||| Stepping ~*~*~tactically~*~*~ (outnumbered).
  5816 | D:9      | 5816 ||| DRINKING potion of resistance.
  5825 | D:9      | Noticed a deep elf zephyrmancer
  5827 | D:9      | Noticed a deep elf pyromancer
  5829 | D:9      | Killed a deep elf zephyrmancer
  5836 | D:9      | 5836 ||| Stepping ~*~*~tactically~*~*~ (outnumbered).
  5837 | D:9      | 5837 ||| Stepping ~*~*~tactically~*~*~ (outnumbered).
  5862 | D:9      | Killed a deep elf pyromancer
  6034 | D:9      | Noticed Erica
  6035 | D:9      | 6035 ||| INVOKING Heroism.
  6046 | D:9      | 6046 ||| DRINKING potion of curing.
  6046 | D:9      | 6046 ||| (to cure confusion)
  6051 | D:9      | Killed Erica
  6475 | D:9      | Reached skill level 16 in Ranged Weapons
  6505 | D:9      | 6505 ||| PLANNING LAIR
  6505 | D:9      | 6505 ||| UPGRADING to +2 hat.
  6510 | D:9      | 6510 ||| DROPPING +1 hat.
  6511 | D:9      | 6511 ||| UPGRADING to +2 hat of willpower.
  6521 | D:9      | 6521 ||| DROPPING +2 hat.
  6522 | D:9      | 6522 ||| UPGRADING to ring of protection from cold.
  6523 | D:9      | 6523 ||| READING 4 scrolls of identify.
  6523 | D:9      | 6523 ||| IDENTIFYING lumpy yellow potion
  6524 | D:9      | 6524 ||| READING 3 scrolls of identify.
  6524 | D:9      | 6524 ||| IDENTIFYING coppery potion
  6525 | D:9      | 6525 ||| READING 2 scrolls of identify.
  6525 | D:9      | 6525 ||| IDENTIFYING inky potion
  6526 | D:9      | 6526 ||| DROPPING potion of lignification.
  6527 | D:9      | 6527 ||| DROPPING potion of berserk rage.
  6571 | Lair:1   | Entered Level 1 of the Lair of Beasts
  6605 | Lair:1   | 6605 ||| INVOKING Heroism.
  6616 | Lair:1   | Received a gift from Okawaru
  6672 | Lair:1   | Identified the +0 robe of Truth {+Inv rF++}
  6819 | Lair:1   | 6819 ||| INVOKING Heroism.
  6965 | Lair:1   | Reached XP level 12. HP: 104/110 MP: 14/14
  7190 | Lair:1   | 7190 ||| UPGRADING to +0 cloak.
  7195 | Lair:1   | 7195 ||| READING 2 scrolls of enchant armour.
  7195 | Lair:1   | 7195 ||| ENCHANTING +0 cloak.
  7196 | Lair:1   | 7196 ||| READING scroll of enchant armour.
  7196 | Lair:1   | 7196 ||| ENCHANTING +1 cloak.
  7197 | Lair:1   | 7197 ||| READING scroll labelled FIAHOA GAHESH.
  7319 | Lair:2   | 7319 ||| INVOKING Heroism.
  7408 | Lair:2   | Reached **** piety under Okawaru
  7409 | Lair:2   | Reached skill level 9 in Dodging
  7425 | Lair:2   | 7425 ||| INVOKING Heroism.
  7662 | Lair:2   | Found a staircase to the Shoals.
  7706 | Lair:2   | Found a frozen archway.
  7949 | Lair:2   | Found a hole to the Spider Nest.
  7980 | Lair:2   | 7980 ||| READING scroll labelled LEZUR ALEIBBO.
  7981 | Lair:2   | 7981 ||| FLEEEEING.
  7982 | Lair:2   | 7982 ||| FLEEEEING.
  7983 | Lair:2   | 7983 ||| FLEEEEING.
  8430 | Lair:3   | Reached skill level 12 in Fighting
  8487 | Lair:3   | 8487 ||| INVOKING Heroism.
  8512 | Lair:3   | 8512 ||| INVOKING Heroism.
  8630 | Lair:3   | Reached skill level 6 in Invocations
  8689 | Lair:3   | Reached skill level 6 in Armour
  9073 | Lair:3   | 9073 ||| DROPPING amulet of magic regeneration.
  9074 | Lair:3   | 9074 ||| READING scroll labelled MAROHUKYTS.
  9094 | Lair:4   | 9094 ||| INVOKING Heroism.
  9176 | Lair:4   | Reached ***** piety under Okawaru
  9396 | Lair:4   | 9396 ||| INVOKING Heroism.
  9397 | Lair:4   | Noticed a four-headed hydra
  9413 | Lair:4   | Killed a four-headed hydra
  9488 | Lair:4   | 9488 ||| INVOKING Heroism.
  9825 | Lair:5   | Entered Level 5 of the Lair of Beasts
  9825 | Lair:5   | Noticed a four-headed hydra
  9826 | Lair:5   | 9826 ||| INVOKING Heroism.
  9834 | Lair:5   | Noticed a dire elephant
  9834 | Lair:5   | Noticed a catoblepas
  9834 | Lair:5   | 9834 ||| INVOKING Finesse.
  9847 | Lair:5   | Killed a four-headed hydra
  9850 | Lair:5   | 9850 ||| STAIRDANCE
  9856 | Lair:4   | HP: 16/113 [sea snake (15)]
  9857 | Lair:4   | 9857 ||| READING 6 scrolls of teleportation.
  9857 | Lair:4   | HP: 3/113 [poisoned by a sea snake]
  9857 | Lair:4   | Slain by a sea snake

Levels and vault maps discovered:
D:1:      saegor_arrival_simple_b, layout_basic
D:2:      layout_basic, hellmonk_ecumenical_altar_lost_god
D:3:      layout_basic, chequers_serial_rivers_room_b, minmay_misc_feat_columns,
          minmay_crystal_room, kennysheep_generic_room_8
D:4:      layout_rooms, nicolae_wu_jian_wuxing_cycle
D:5:      layout_rooms, xom_butterflies, grunt_qazlal_clouds,
          chequers_serial_rivers_micro_e
D:6:      layout_basic, minmay_temple_entry_trees, nicolae_elevator_lobby_plus,
          uniq_edmund, uniq_prince_ribbit1, uniq_blork_the_orc
D:7:      layout_rooms, st_stairs_6
D:8:      layout_rooms, kennysheep_orc_sif_temple, minmay_three_doors, uniq_grum
D:9:      layout_long_grid, chequers_temple_overflow_statue_of_worship,
          erik_lair_island, gammafunk_ghost_cemetery, hangedman_minor_magic,
          uniq_erica
Temple:   nicolae_temple_ecumenical_triangle
Lair:1:   layout_regular_city, nicolae_quartered_pool_little,
          hibernation_bobbens
Lair:2:   layout_loops_ring, minmay_shoals_entry_lonely_mermaid,
          spider_nest_entry_a, portal_ice_cave_entry_pillars_1,
          serial_bayou_shore_a
Lair:3:   layout_small_grid
Lair:4:   layout_small_grid, gammafunk_lair_bear_cave, serial_bayou_shore_b,
          grunt_megastairs_2
Lair:5:   gammafunk_lair_ancient_temple, layout_regular_city, slime_entry_1,
          ebering_ghost_disaster_area

Skill      XL: |  1  2  3  4  5  6  7  8  9 10 11 12 |
---------------+-------------------------------------+-----
Ranged Weapons | 3 4 5 7 8 10 12 15 16 | 16.0
Fighting       | 2 3 4 5 6 8 11 12 | 12.5
Armour         | 2 3 4 6 |  6.0
Dodging        | 3 4 5 6 8 10 | 10.0
Invocations    | 3 4 7 |  7.8
Spellcasting   | |  1.0
Hexes          | |  2.0

Action                     |  1- 3 |  4- 6 |  7- 9 | 10-12 || total
---------------------------+-------+-------+-------+-------++-------
   Fire: Sling             |   169 |    90 |       |       ||   259
         Shortbow          |       |    28 |   305 |       ||   333
         Orcbow            |       |       |    20 |   542 ||   562
 Invoke: Heroism           |       |       |    10 |    18 ||    28
         Finesse           |       |       |       |     1 ||     1
    Use: Scroll            |     4 |     9 |     2 |    10 ||    25
         Potion            |       |     4 |     4 |     4 ||    12
 Armour: Robe              |     8 |       |       |       ||     8
         Troll leather arm |    19 |    31 |    42 |    52 ||   144
         Ring mail         |     5 |       |       |       ||     5
  Dodge: Dodged            |    81 |    30 |    79 |   147 ||   337

Table legend:
 A = Non-vault XP
 B = Vault XP
 C = Vault XP percentage of total XP
 D = Non-vault monster count
 E = Vault monster count
 F = Vault count percentage of total count
                 A         B        C        D         E       F
            +---------+---------+-------+---------+---------+-------
      Total |   20667 |    8883 |  30.1 |     262 |      53 |  16.8
            +---------+---------+-------+---------+---------+-------
        D:1 |      45 |       0 |   0.0 |      27 |       0 |   0.0
        D:2 |      22 |       0 |   0.0 |      12 |       0 |   0.0
        D:3 |     105 |       2 |   1.9 |      20 |       1 |   4.8
        D:4 |     222 |       0 |   0.0 |      19 |       0 |   0.0
        D:5 |     260 |       0 |   0.0 |       6 |       0 |   0.0
        D:6 |     941 |     524 |  35.8 |      21 |       3 |  12.5
        D:7 |    1179 |       0 |   0.0 |      33 |       0 |   0.0
        D:8 |    1804 |    1813 |  50.1 |      25 |      12 |  32.4
        D:9 |    2950 |    2989 |  50.3 |      34 |      24 |  41.4
     Lair:1 |    2635 |       0 |   0.0 |      17 |       0 |   0.0
     Lair:2 |    3627 |     932 |  20.4 |      16 |       3 |  15.8
     Lair:3 |    2437 |       0 |   0.0 |      18 |       0 |   0.0
     Lair:4 |    3418 |    2270 |  39.9 |      12 |       8 |  40.0
     Lair:5 |    1022 |     353 |  25.7 |       2 |       2 |  50.0
            +---------+---------+-------+---------+---------+-------
